| TOP OF THE 1ST |
|
Quad Cities River Bandits batting - Pitching for Clinton LumberKings : RHP Mike Watkins
|
|
Pitching: RHP Mike Watkins
|
|
|
Batting: LHB Glenn Lowther
|
0-0: Called Strike 0-1: SINGLE (Flyball, 9S, EV 85.0 MPH)
|
|
Batting: RHB Sean Mounts
|
0-0: Ball Glenn Lowther steals 2nd base 1-0: Ball Glenn Lowther steals 3rd base 2-0: DOUBLE (Groundball, 5L, EV 101.9 MPH) Glenn Lowther scores
|
|
Batting: LHB Daigo Ishii
|
0-0: Called Strike 0-1: Ball 1-1: 2-RUN HOME RUN (Flyball, 9D, EV 101.2 MPH), Distance : 401 ft
|
|
Batting: LHB Bob Govella
|
0-0: Called Strike 0-1: Ball 1-1: Swinging Strike 1-2: Foul Ball, location: 2F 1-2: Ball 2-2: Strikes out looking
|
|
Batting: RHB Alex Campos
|
0-0: Ball 1-0: Ball 2-0: Called Strike 2-1: Swinging Strike 2-2: Foul Ball, location: 2F 2-2: SINGLE (Groundball, 56, EV 94.4 MPH)
|
|
Batting: RHB Tim Persson
|
0-0: Called Strike 0-1: SINGLE (Line Drive, 34D, EV 94.4 MPH) Alex Campos to second
|
|
Batting: RHB Kieron Clark
|
0-0: Ball 1-0: Swinging Strike 1-1: Ball 2-1: Foul Ball, location: 2F 2-2: Foul Ball, location: 2F 2-2: SINGLE (Line Drive, 9LS, EV 99.4 MPH) Alex Campos to third Tim Persson to second
|
|
Batting: RHB Reginald McDougall
|
0-0: Called Strike 0-1: Ball 1-1: Ball 2-1: SINGLE (Groundball, 4D, EV 111.2 MPH) Alex Campos scores Tim Persson to third Kieron Clark to second
|
|
Batting: RHB Ray Souza
|
0-0: Ball 1-0: Swinging Strike 1-1: Called Strike 1-2: Foul Ball, location: 2F 1-2: Ball 2-2: Strikes out swinging
|
|
Batting: LHB Glenn Lowther
|
0-0: Ball 1-0: Ball 2-0: Ball 3-0: Base on Balls Tim Persson scores Kieron Clark to third Reginald McDougall to second
|
|
Pitching: RHP Ke-yong Khoo
|
|
|
Batting: RHB Sean Mounts
|
0-0: Ball 1-0: Ball Wild Pitch! Kieron Clark scores Reginald McDougall to third Glenn Lowther to second 2-0: Ball 3-0: Called Strike 3-1: Base on Balls
|
|
Batting: LHB Daigo Ishii
|
0-0: Swinging Strike 0-1: Ball 1-1: Foul Ball, location: 2F 1-2: Foul Ball, location: 2F 1-2: Ball 2-2: Ground out 3-1 (Groundball, 34, EV 83.8 MPH)
|
| Top of the 1st over - 6 runs, 7 hits, 0 errors, 3 left on base; Quad Cities 6 - Clinton 0 |
| BOTTOM OF THE 1ST |
|
Clinton LumberKings batting - Pitching for Quad Cities River Bandits : LHP Dzintars Balodis
|
|
Pitching: LHP Dzintars Balodis
|
|
|
Batting: RHB Antonio Oyola
|
0-0: Ball 1-0: Foul Ball, location: 2F 1-1: Called Strike 1-2: Fly out, F7 (Flyball, 7, EV 92.5 MPH)
|
|
Batting: LHB Jason Kinney
|
0-0: Foul Ball, location: 2F 0-1: Swinging Strike 0-2: Strikes out swinging
|
|
Batting: RHB Chris Skaff
|
0-0: Ball 1-0: Swinging Strike 1-1: Called Strike 1-2: Foul Ball, location: 2F 1-2: Ball 2-2: Fly out, F8 (Line Drive, 8RD, EV 93.1 MPH)
|
| Bottom of the 1st over - 0 runs, 0 hits, 0 errors, 0 left on base; Quad Cities 6 - Clinton 0 |
| TOP OF THE 2ND |
|
Quad Cities River Bandits batting - Pitching for Clinton LumberKings : RHP Ke-yong Khoo
|
|
Batting: LHB Bob Govella
|
0-0: Ball 1-0: Called Strike 1-1: Ball 2-1: Foul Ball, location: 2F 2-2: Strikes out swinging
|
|
Batting: RHB Alex Campos
|
0-0: Called Strike 0-1: Foul Ball, location: 2F 0-2: Ball 1-2: Foul Ball, location: 2F 1-2: Ball 2-2: Ground out 1-3 (Groundball, 23, EV 66.9 MPH)
|
|
Batting: RHB Tim Persson
|
0-0: Fly out, F7 (Flyball, 7, EV 90.6 MPH)
|
| Top of the 2nd over - 0 runs, 0 hits, 0 errors, 0 left on base; Quad Cities 6 - Clinton 0 |
| BOTTOM OF THE 2ND |
|
Clinton LumberKings batting - Pitching for Quad Cities River Bandits : LHP Dzintars Balodis
|
|
Batting: RHB Kinzo Yokoyama
|
0-0: Ball 1-0: Fly out, F9 (Line Drive, 9, EV 90.0 MPH)
|
|
Batting: RHB Ivan Davila
|
0-0: Called Strike 0-1: Swinging Strike 0-2: Ball 1-2: Ball 2-2: Ball 3-2: Foul Ball, location: 2F 3-2: Ground out 6-3 (Groundball, 6, EV 78.8 MPH)
|
|
Batting: RHB Rich Justice
|
0-0: Hit by Pitch
|
|
Batting: SHB Raghnall Ahearne
|
0-0: Called Strike 0-1: Foul Ball, location: 2F 0-2: Ball 1-2: Ground out 3-1 (Groundball, 34S, EV 88.1 MPH)
|
| Bottom of the 2nd over - 0 runs, 0 hits, 0 errors, 1 left on base; Quad Cities 6 - Clinton 0 |
| TOP OF THE 3RD |
|
Quad Cities River Bandits batting - Pitching for Clinton LumberKings : RHP Ke-yong Khoo
|
|
Batting: RHB Kieron Clark
|
0-0: Ball 1-0: Ball 2-0: Foul Ball, location: 2F 2-1: Ball 3-1: Called Strike 3-2: Strikes out swinging
|
|
Pitching: RHP Bryce Blanksby
|
|
|
Batting: RHB Reginald McDougall
|
0-0: SINGLE (Groundball, 34D, EV 105.0 MPH)
|
|
Batting: RHB Ray Souza
|
0-0: Called Strike 0-1: Ball 1-1: Ball 2-1: Called Strike 2-2: Ball 3-2: SINGLE (Line Drive, 7S, EV 103.8 MPH) Reginald McDougall to second Reginald McDougall to third
|
|
Batting: LHB Glenn Lowther
|
0-0: Called Strike 0-1: Foul Ball, location: 2F 0-2: Fly out, F7 (Line Drive, 7D, EV 110.6 MPH) Runner from 3rd tags up, SCORES, no throw by LF
|
|
Batting: RHB Sean Mounts
|
0-0: Ball 1-0: Called Strike 1-1: Swinging Strike 1-2: Ball 2-2: Ball 3-2: Fly out, F3 (Popup, 34S, EV 69.4 MPH)
|
| Top of the 3rd over - 1 run, 2 hits, 0 errors, 1 left on base; Quad Cities 7 - Clinton 0 |
| BOTTOM OF THE 3RD |
|
Clinton LumberKings batting - Pitching for Quad Cities River Bandits : LHP Dzintars Balodis
|
|
Batting: RHB Bryan Shuller
|
0-0: Called Strike 0-1: Foul Ball, location: 2F 0-2: Strikes out swinging
|
|
Batting: RHB David Greene
|
0-0: Ground out 6-3 (Groundball, 6, EV 89.4 MPH)
|
|
Batting: RHB Antonio Oyola
|
0-0: Ball 1-0: Ball 2-0: Ball 3-0: Base on Balls
|
|
Batting: LHB Jason Kinney
|
0-0: Ball 1-0: Ball 2-0: Fly out, F7 (Flyball, 7LM, EV 92.5 MPH)
|
| Bottom of the 3rd over - 0 runs, 0 hits, 0 errors, 1 left on base; Quad Cities 7 - Clinton 0 |
| TOP OF THE 4TH |
|
Quad Cities River Bandits batting - Pitching for Clinton LumberKings : RHP Bryce Blanksby
|
|
Batting: LHB Daigo Ishii
|
0-0: Ball 1-0: Foul Ball, location: 2F 1-1: Foul Ball, location: 2F 1-2: DOUBLE (Groundball, 3L, EV 106.2 MPH)
|
|
Batting: LHB Bob Govella
|
0-0: Ball 1-0: Swinging Strike 1-1: Ball 2-1: Ground out 6-3 (Groundball, 56, EV 99.4 MPH)
|
|
Batting: RHB Alex Campos
|
0-0: Ball 1-0: Foul Ball, location: 2F 1-1: Ball 2-1: DOUBLE (Line Drive, 9LM, EV 105.0 MPH) Daigo Ishii scores
|
|
Batting: RHB Tim Persson
|
0-0: Ball 1-0: Swinging Strike 1-1: Ball 2-1: Ball 3-1: SINGLE (Groundball, 56, EV 98.8 MPH) Alex Campos to third Runner from 3rd tries for Home, SAFE, throw by LF to home
|
|
Pitching: RHP Daniel Villalobos
|
|
|
Batting: RHB Kieron Clark
|
0-0: Swinging Strike 0-1: Ball 1-1: Ball 2-1: Ball 3-1: Called Strike 3-2: Base on Balls Tim Persson to second
|
|
Batting: RHB Reginald McDougall
|
0-0: Ball 1-0: Ball 2-0: Called Strike 2-1: Ball 3-1: Base on Balls Tim Persson to third Kieron Clark to second
|
|
Batting: RHB Ray Souza
|
0-0: Called Strike 0-1: Ball 1-1: SINGLE (Groundball, 6MD, EV 103.8 MPH) Tim Persson scores Kieron Clark to third Reginald McDougall to second
|
|
Batting: LHB Glenn Lowther
|
0-0: Ball 1-0: Ball 2-0: SINGLE (Groundball, 34D, EV 96.9 MPH) Kieron Clark scores Reginald McDougall to third Ray Souza to second Runner from 3rd tries for Home, SAFE, throw by RF to home
|
|
Batting: RHB Sean Mounts
|
0-0: Called Strike 0-1: Ball 1-1: Called Strike 1-2: Ball 2-2: Ball 3-2: Base on Balls Ray Souza to third Glenn Lowther to second
|
|
Batting: LHB Daigo Ishii
|
0-0: Ball 1-0: Ball 2-0: Foul Ball, location: 2F 2-1: Swinging Strike 2-2: Ball 3-2: Base on Balls Ray Souza scores Glenn Lowther to third Sean Mounts to second
|
|
Batting: LHB Bob Govella
|
0-0: Ball 1-0: Reached on error, E3 (Groundball, 34S, EV 80.6 MPH) Glenn Lowther scores Sean Mounts to third Daigo Ishii to second
|
|
Pitching: RHP Lorenzo Gutierrez
|
|
|
Batting: RHB Alex Campos
|
0-0: Ball 1-0: SINGLE (Groundball, P, EV 85.0 MPH) (infield hit) Sean Mounts scores Daigo Ishii to third Bob Govella to second
|
|
Batting: RHB Tim Persson
|
0-0: Ball 1-0: Grounds into fielders choice U2 (Groundball, 2L, EV 62.5 MPH) Bob Govella to third Alex Campos to second
|
|
Batting: RHB Kieron Clark
|
0-0: Called Strike 0-1: Ball 1-1: Foul Ball, location: 2F 1-2: Strikes out swinging
|
| Top of the 4th over - 8 runs, 6 hits, 1 error, 3 left on base; Quad Cities 15 - Clinton 0 |
| BOTTOM OF THE 4TH |
|
Clinton LumberKings batting - Pitching for Quad Cities River Bandits : LHP Dzintars Balodis
|
|
Batting: RHB Chris Skaff
|
0-0: Ball 1-0: Ball 2-0: Ball 3-0: Foul Ball, location: 2F 3-1: Ground out 4-3 (Groundball, 34, EV 101.9 MPH)
|
|
Batting: RHB Kinzo Yokoyama
|
0-0: Called Strike 0-1: Ball 1-1: Foul Ball, location: 2F 1-2: Ball 2-2: Ball 3-2: Base on Balls
|
|
Batting: RHB Ivan Davila
|
0-0: Ball 1-0: Ball 2-0: Called Strike 2-1: Foul Ball, location: 2F 2-2: Foul Ball, location: 2F 2-2: Ball 3-2: Base on Balls Kinzo Yokoyama to second
|
|
Batting: RHB Rich Justice
|
0-0: Ball 1-0: Called Strike 1-1: Called Strike 1-2: Strikes out swinging
|
|
Batting: SHB Raghnall Ahearne
|
0-0: Called Strike 0-1: Ball 1-1: Foul Ball, location: 2F 1-2: Strikes out looking
|
| Bottom of the 4th over - 0 runs, 0 hits, 0 errors, 2 left on base; Quad Cities 15 - Clinton 0 |
| TOP OF THE 5TH |
|
Quad Cities River Bandits batting - Pitching for Clinton LumberKings : RHP Lorenzo Gutierrez
|
|
Batting: RHB Reginald McDougall
|
0-0: Called Strike 0-1: Ball 1-1: Swinging Strike 1-2: Strikes out looking
|
|
Batting: RHB Ray Souza
|
0-0: Fly out, F9 (Line Drive, 9S, EV 109.4 MPH)
|
|
Batting: LHB Glenn Lowther
|
0-0: Ball 1-0: Ball 2-0: Swinging Strike 2-1: Ground out 5-3 (Groundball, 56S, EV 85.6 MPH)
|
| Top of the 5th over - 0 runs, 0 hits, 0 errors, 0 left on base; Quad Cities 15 - Clinton 0 |
| BOTTOM OF THE 5TH |
|
Clinton LumberKings batting - Pitching for Quad Cities River Bandits : LHP Dzintars Balodis
|
|
Batting: RHB Bryan Shuller
|
0-0: Ball 1-0: Foul Ball, location: 2F 1-1: Ball 2-1: Foul Ball, location: 2F 2-2: Foul Ball, location: 2F 2-2: Strikes out swinging
|
|
Batting: RHB David Greene
|
0-0: Foul Ball, location: 2F 0-1: Foul Ball, location: 2F 0-2: Ball 1-2: Foul Ball, location: 2F 1-2: Ball 2-2: Foul Ball, location: 2F 2-2: Strikes out looking
|
|
Batting: RHB Antonio Oyola
|
0-0: Called Strike 0-1: Foul Ball, location: 2F 0-2: Strikes out swinging
|
| Bottom of the 5th over - 0 runs, 0 hits, 0 errors, 0 left on base; Quad Cities 15 - Clinton 0 |
| TOP OF THE 6TH |
|
Quad Cities River Bandits batting - Pitching for Clinton LumberKings : RHP Lorenzo Gutierrez
|
|
Batting: RHB Sean Mounts
|
0-0: Ball 1-0: Foul Ball, location: 2F 1-1: Ball 2-1: Ball 3-1: Fly out, F9 (Flyball, 89S, EV 90.6 MPH)
|
|
Batting: LHB Daigo Ishii
|
0-0: Foul Ball, location: 2F 0-1: Swinging Strike 0-2: SOLO HOME RUN (Flyball, 9D, EV 98.8 MPH), Distance : 386 ft
|
|
Batting: LHB Bob Govella
|
0-0: Ball 1-0: Ball 2-0: Ball 3-0: Called Strike 3-1: Foul Ball, location: 2F 3-2: Strikes out looking
|
|
Batting: RHB Alex Campos
|
0-0: Ball 1-0: Called Strike 1-1: Foul Ball, location: 2F 1-2: Foul Ball, location: 2F 1-2: Ball 2-2: Ball 3-2: Foul Ball, location: 2F 3-2: Ground out 6-3 (Groundball, 6M, EV 84.4 MPH)
|
| Top of the 6th over - 1 run, 1 hit, 0 errors, 0 left on base; Quad Cities 16 - Clinton 0 |
| BOTTOM OF THE 6TH |
|
Clinton LumberKings batting - Pitching for Quad Cities River Bandits : LHP Dzintars Balodis
|
|
Batting: LHB Jason Kinney
|
0-0: Called Strike 0-1: SINGLE (Line Drive, 8LS, EV 99.4 MPH)
|
|
Batting: RHB Chris Skaff
|
0-0: SINGLE (Groundball, 4MD, EV 109.4 MPH) Jason Kinney to second Runner from 2nd tries for 3rd, OUT! 8-5
|
|
Batting: RHB Kinzo Yokoyama
|
0-0: Called Strike 0-1: Foul Ball, location: 2F 0-2: Foul Ball, location: 2F 0-2: Strikes out looking
|
|
Batting: RHB Ivan Davila
|
0-0: Called Strike 0-1: Ball 1-1: Foul Ball, location: 2F 1-2: Ground out 4-3 (Groundball, 4, EV 98.1 MPH)
|
| Bottom of the 6th over - 0 runs, 2 hits, 0 errors, 1 left on base; Quad Cities 16 - Clinton 0 |
| TOP OF THE 7TH |
|
Quad Cities River Bandits batting - Pitching for Clinton LumberKings : RHP Lorenzo Gutierrez
|
|
Pitching: RHP Eduardo Arlarcon
|
|
|
Batting: RHB Tim Persson
|
0-0: DOUBLE (Line Drive, 89D, EV 107.5 MPH)
|
|
Batting: RHB Kieron Clark
|
0-0: Ball 1-0: Foul Ball, location: 2F 1-1: Ball 2-1: Ground out 4-3 (Groundball, 34, EV 89.4 MPH) Tim Persson to third
|
|
Batting: RHB Reginald McDougall
|
0-0: TRIPLE (Line Drive, 89XD, EV 111.9 MPH) Tim Persson scores Hidden ball trick at third base, runner out!
|
|
Batting: RHB Ray Souza
|
0-0: Foul Ball, location: 2F 0-1: Ball 1-1: Swinging Strike 1-2: Strikes out swinging
|
| Top of the 7th over - 1 run, 2 hits, 0 errors, 0 left on base; Quad Cities 17 - Clinton 0 |
| BOTTOM OF THE 7TH |
|
Clinton LumberKings batting - Pitching for Quad Cities River Bandits : LHP Dzintars Balodis
|
|
Pinch Hitting: RHB Danny Pujols
|
0-0: Swinging Strike 0-1: Ball 1-1: Ball 2-1: Hit by Pitch
|
|
Batting: SHB Raghnall Ahearne
|
0-0: Ball 1-0: Ball 2-0: Foul Ball, location: 2F 2-1: Swinging Strike 2-2: Strikes out looking
|
|
Batting: RHB Bryan Shuller
|
0-0: DOUBLE (Line Drive, 5D, EV 104.4 MPH) Danny Pujols to third
|
|
Pitching: RHP Gabe Torres
|
|
|
Batting: RHB David Greene
|
0-0: Ball 1-0: Ball 2-0: Called Strike 2-1: Ground out 6-3 (Groundball, 6, EV 99.4 MPH) Danny Pujols scores
|
|
Batting: RHB Antonio Oyola
|
0-0: Called Strike 0-1: Swinging Strike 0-2: Ball 1-2: Fly out, F7 (Line Drive, 7, EV 84.4 MPH)
|
| Bottom of the 7th over - 1 run, 1 hit, 0 errors, 1 left on base; Quad Cities 17 - Clinton 1 |
| TOP OF THE 8TH |
|
Quad Cities River Bandits batting - Pitching for Clinton LumberKings : RHP Eduardo Arlarcon
|
|
Now at 3B: Danny Pujols
|
|
|
Batting: LHB Glenn Lowther
|
0-0: Called Strike 0-1: Ball 1-1: Called Strike 1-2: Strikes out swinging
|
|
Batting: RHB Sean Mounts
|
0-0: Called Strike 0-1: Ball 1-1: Ball 2-1: Ball 3-1: Base on Balls
|
|
Batting: LHB Daigo Ishii
|
0-0: Ball 1-0: Called Strike 1-1: Foul Ball, location: 2F 1-2: Strikes out swinging
|
|
Batting: LHB Bob Govella
|
0-0: Ball 1-0: Ball Wild Pitch! Sean Mounts to second 2-0: Called Strike 2-1: Foul Ball, location: 2F 2-2: Strikes out swinging
|
| Top of the 8th over - 0 runs, 0 hits, 0 errors, 1 left on base; Quad Cities 17 - Clinton 1 |
| BOTTOM OF THE 8TH |
|
Clinton LumberKings batting - Pitching for Quad Cities River Bandits : RHP Gabe Torres
|
|
Batting: LHB Jason Kinney
|
0-0: Called Strike 0-1: Foul Ball, location: 2F 0-2: Foul Ball, location: 2F 0-2: Ball 1-2: Strikes out swinging
|
|
Batting: RHB Chris Skaff
|
0-0: Ball 1-0: DOUBLE (Groundball, 5L, EV 105.6 MPH)
|
|
Batting: RHB Kinzo Yokoyama
|
0-0: Ball 1-0: Ball 2-0: Ground out 1-3 (Groundball, 15S, EV 75.6 MPH)
|
|
Batting: RHB Ivan Davila
|
0-0: Ball 1-0: Called Strike 1-1: Ball 2-1: Ball 3-1: Base on Balls
|
|
Batting: RHB Danny Pujols
|
0-0: Called Strike 0-1: Ball 1-1: Called Strike 1-2: Foul Ball, location: 2F 1-2: Foul Ball, location: 2F 1-2: Ground out U3 (Groundball, 3, EV 106.2 MPH)
|
| Bottom of the 8th over - 0 runs, 1 hit, 0 errors, 2 left on base; Quad Cities 17 - Clinton 1 |
| TOP OF THE 9TH |
|
Quad Cities River Bandits batting - Pitching for Clinton LumberKings : RHP Eduardo Arlarcon
|
|
Batting: RHB Alex Campos
|
0-0: Swinging Strike 0-1: Ball 1-1: Fly out, F7 (Line Drive, 7, EV 99.4 MPH)
|
|
Batting: RHB Tim Persson
|
0-0: Swinging Strike 0-1: Ball 1-1: Ground out 6-3 (Groundball, 6, EV 102.5 MPH)
|
|
Batting: RHB Kieron Clark
|
0-0: Ball 1-0: Ball 2-0: Swinging Strike 2-1: Foul Ball, location: 2F 2-2: Foul Ball, location: 2F 2-2: Foul Ball, location: 2F 2-2: Ball 3-2: Base on Balls
|
|
Batting: RHB Reginald McDougall
|
0-0: Swinging Strike 0-1: Ball 1-1: Foul Ball, location: 2F 1-2: Ball 2-2: Strikes out swinging
|
| Top of the 9th over - 0 runs, 0 hits, 0 errors, 1 left on base; Quad Cities 17 - Clinton 1 |
| BOTTOM OF THE 9TH |
|
Clinton LumberKings batting - Pitching for Quad Cities River Bandits : RHP Gabe Torres
|
|
Batting: SHB Raghnall Ahearne
|
0-0: Called Strike 0-1: Ground out 4-3 (Groundball, 4S, EV 77.5 MPH)
|
|
Batting: RHB Bryan Shuller
|
0-0: Ground out 6-3 (Groundball, 6, EV 81.9 MPH)
|
|
Batting: RHB David Greene
|
0-0: Ball 1-0: Called Strike 1-1: Swinging Strike 1-2: Ball 2-2: Strikes out swinging, 2-3 out at first.
|
| Bottom of the 9th over - 0 runs, 0 hits, 0 errors, 0 left on base; Quad Cities 17 - Clinton 1 |
|